 Dungeon Crawl Stone Soup version 0.23-a0-612-gcb482e9 (webtiles) character file.

36 Leeroy the Charmwright (level 3, -1/31 HPs)
             Began as a Gnoll Skald on Dec 21, 2018.
             Slain by Grinder (2 damage)
             ... on level 3 of the Dungeon.
             The game lasted 00:03:12 (1652 turns).

Leeroy the Charmwright (Gnoll Skald)                Turns: 1652, Time: 00:03:13

Health: -1/31      AC:  4    Str: 13    XL:     3   Next: 37%
Magic:  8/9        EV: 14    Int: 16    God:
Gold:   111        SH:  0    Dex: 14    Spells: 1/12 levels left

rFire    . . .     SeeInvis .   a - +0 falchion
rCold    . . .     Gourm    .   (no shield)
rNeg     . . .     Faith    .   b - +0 leather armour
rPois    .         Spirit   .   (no helmet)
rElec    .         Reflect  .   (no cloak)
rCorr    .         Harm     .   (no gloves)
MR       .....                  k - +0 pair of boots
Stlth    +.........             (no amulet)
HPRegen  0.10/turn              (no ring)
MPRegen  0.11/turn              (no ring)

@: no status effects
A: distributed training, fangs 1, strong nose
a: no special abilities


You were on level 3 of the Dungeon.
You were very hungry.

You visited 1 branch of the dungeon, and saw 3 of its levels.

You collected 111 gold pieces.

Inventory:

Hand Weapons
 a - a +0 falchion (weapon)
 g - a +0 dagger
 p - a +0 hunting sling
Missiles
 c - 42 stones (quivered)
 n - 47 arrows
Armour
 b - a +0 leather armour (worn)
 e - a +0 chain mail
 k - a +0 pair of boots (worn)
Jewellery
 o - an uncursed ring of flight {unknown}
Scrolls
 f - 2 scrolls of identify {unknown}
 h - a scroll of enchant armour {unknown}
 i - a scroll of amnesia {unknown}
 l - a scroll of blinking {unknown}
 m - a scroll of teleportation {unknown}
Comestibles
 d - 3 rations


   Skills:
 + Level 4.5 Fighting
 + Level 0.7 Short Blades
 + Level 4.5 Long Blades
 + Level 0.7 Axes
 + Level 0.7 Maces & Flails
 + Level 0.7 Polearms
 + Level 0.7 Staves
 + Level 0.7 Slings
 + Level 0.7 Bows
 + Level 0.7 Crossbows
 + Level 0.7 Throwing
 + Level 2.6 Armour
 + Level 4.5 Dodging
 + Level 0.7 Stealth
 + Level 0.7 Shields
 + Level 0.7 Unarmed Combat
 + Level 5.0 Spellcasting
 + Level 0.5 Conjurations
 + Level 0.5 Hexes
 + Level 5.4 Charms
 + Level 0.5 Summonings
 + Level 0.5 Necromancy
 + Level 0.5 Translocations
 + Level 0.5 Transmutations
 + Level 0.5 Fire Magic
 + Level 0.5 Ice Magic
 + Level 0.5 Air Magic
 + Level 0.5 Earth Magic
 + Level 0.5 Poison Magic
 + Level 0.9 Invocations
 + Level 0.7 Evocations


You had one spell level left.
You knew the following spells:

 Your Spells              Type           Power        Failure   Level  Hunger
a - Infusion              Chrm           ###.         1%          1    None
b - Song of Slaying       Chrm           ###.....     3%          2    #......
c - Shroud of Golubria    Chrm/Tloc      ##........   9%          2    #......
d - Regeneration          Chrm/Necr      ##........   17%         3    ###....
e - Spectral Weapon       Hex/Chrm       ##......     17%         3    ###....

Your spell library contained the following spells:

 Spells                   Type           Power        Failure   Level  Hunger


Dungeon Overview and Level Annotations

Branches:
Dungeon (3/15)

Altars:
Fedhas
Gozag
Qazlal
Vehumet

Annotations:
D:3 Grinder


Innate Abilities, Weirdness & Mutations

Your experience applies equally to all skills.
You have very sharp teeth.
Your uncanny sense of smell can sniff out nearby items.


Message History

The goblin is severely wounded.
Grinder says, "Don't move a muscle."
Grinder hits you.
You writhe in agony.
* * * LOW HITPOINT WARNING * * *
You closely miss Grinder.
Grinder is severely wounded.
Your spectral weapon barely misses Grinder.
The goblin hits you but does no damage. Grinder barely misses you.
You riposte.
You hit Grinder but do no damage.
Grinder is severely wounded.
You hit Grinder.
Grinder is severely wounded.
Your spectral weapon misses Grinder.
The goblin closely misses you. Grinder hits you.
* * * LOW HITPOINT WARNING * * *
You writhe in agony.
* * * LOW HITPOINT WARNING * * *
It was a potion of cancellation.
You feel magically purged. The goblin barely misses you. Grinder hits you.
You die...

## ####.. ∆
..#.# #.#.#
#<#.# .♣
#.#(##..♣.
..#.##g........
>.....(@.####..
......5...%#
#.#####..#.# #
#%...# ..#..#
#>...# #.##.#
#.# .#


You could see Grinder, a goblin and a friendly spectral +0 falchion.

Vanquished Creatures
  2 dart slugs (D:1)
  A giant cockroach (D:1)
  4 goblins
  A hobgoblin (D:1)
  6 jackals (D:1)
  3 kobolds (D:2)
  3 bats
  3 frilled lizards (D:1)
  6 rats
29 creatures vanquished.

Notes
Turn   | Place    | Note
-------+----------+-------------------------------------------
     0 | D:1      | Leeroy the Gnoll Skald began the quest for the Orb.
     0 | D:1      | Reached XP level 1. HP: 20/20 MP: 6/6
    47 | D:1      | Reached XP level 2. HP: 20/26 MP: 7/7
    55 | D:1      | Learned a level 2 spell: Song of Slaying
    58 | D:1      | Learned a level 2 spell: Shroud of Golubria
   480 | D:1      | Reached XP level 3. HP: 31/31 MP: 9/9
   500 | D:1      | Learned a level 3 spell: Regeneration
   504 | D:1      | Learned a level 3 spell: Spectral Weapon
   783 | D:2      | Reached skill level 5 in Spellcasting
  1277 | D:2      | Found a blossoming altar of Fedhas.
  1354 | D:2      | Found an opulent altar of Gozag.
  1355 | D:2      | Found a blossoming altar of Fedhas.
  1357 | D:2      | Found a stormy altar of Qazlal.
  1358 | D:2      | Found a radiant altar of Vehumet.
  1630 | D:3      | Noticed Grinder
  1642 | D:3      | Paralysed by Grinder for 6 turns
  1651 | D:3      | HP: 1/31 [Grinder (5)]
  1652 | D:3      | Slain by Grinder

Vault maps used:
D:1:      sevenhm_arrival_forest_fort_small_3, st_stairs_8
D:2:      minitemple, fedhas_altar_2
D:3:      okawaru_altar_gauntlet_db, serial_park_tiny_1, uniq_grinder

Skill      XL: |  1  2  3 |
---------------+----------+-----
Spellcasting   | 5 |  5.0
Fighting       | |  4.5
Short Blades   | |  0.7
Long Blades    | |  4.5
Axes           | |  0.7
Maces & Flails | |  0.7
Polearms       | |  0.7
Staves         | |  0.7
Slings         | |  0.7
Bows           | |  0.7
Crossbows      | |  0.7
Throwing       | |  0.7
Armour         | |  2.6
Dodging        | |  4.5
Stealth        | |  0.7
Shields        | |  0.7
Unarmed Combat | |  0.7
Conjurations   | |  0.5
Hexes          | |  0.5
Charms         | |  5.4
Summonings     | |  0.5
Necromancy     | |  0.5
Translocations | |  0.5
Transmutations | |  0.5
Fire Magic     | |  0.5
Ice Magic      | |  0.5
Air Magic      | |  0.5
Earth Magic    | |  0.5
Poison Magic   | |  0.5
Invocations    | |  0.9
Evocations     | |  0.7

Action                   || total
-------------------------++-------
Melee: Falchion          ||    98
       Bite              ||     9
 Cast: Spectral Weapon   ||     1
  Use: Potion            ||     1
 Stab: Sleeping          ||     1
       Distracted        ||     1
  Eat: Chunk             ||     1
Armor: Leather armour    ||    26
Dodge: Dodged            ||    93
       Rpst.: Falchion   ||    29

Table legend:
 A = Non-vault XP
 B = Vault XP
 C = Vault XP percentage of total XP
 D = Non-vault monster count
 E = Vault monster count
 F = Vault count percentage of total count
                 A         B        C        D         E       F
            +---------+---------+-------+---------+---------+-------
      Total |      50 |       2 |   3.8 |      28 |       1 |   3.4
            +---------+---------+-------+---------+---------+-------
        D:1 |      34 |       2 |   5.6 |      18 |       1 |   5.3
        D:2 |      14 |       0 |   0.0 |       9 |       0 |   0.0
        D:3 |       2 |       0 |   0.0 |       1 |       0 |   0.0
            +---------+---------+-------+---------+---------+-------
